 Dungeon Crawl Stone Soup version 0.29.0-4-gdea44cf6ec (webtiles) character file.

Game seed: 2803319154316405558

210 qw the Chopper (level 5, -6/42 HPs)
             Began as a Barachi Chaos Knight on Sept 5, 2022.
             Mangled by Edmund
             ... wielding a +5 flail of protection
              (10 damage)
             ... on level 4 of the Dungeon.
             The game lasted 00:01:23 (3218 turns).

qw the Chopper (Barachi Chaos Knight)               Turns: 3218, Time: 00:01:24

Health: -6/42      AC: 11    Str: 13 (16) XL:     5   Next: 87%
Magic:  5/5        EV: 10    Int: 10      God:
Gold:   156        SH:  0    Dex:  9      Spells: 4/4 levels left

rFire   . . .      SeeInvis .   Y - +1 broad axe (elec)
rCold   . . .      Faith    .   (no shield)
rNeg    . . .      Spirit   .   a - +0 chain mail
rPois   .          Reflect  .   b - +0 helmet
rElec   .          Harm     .   (no cloak)
rCorr   .          Rampage  .   n - +0 pair of gloves
Will    .....                   (no boots)
Stlth   ..........              (no amulet)
HPRegen 0.14/turn               d - +4 ring of evasion
MPRegen 0.09/turn               (no ring)

@: slow
A: amphibious, slowness 1, strong legs 1, +LOS, clumsy 1, dopey 1
a: Hop


You were on level 4 of the Dungeon.
You visited 1 branch of the dungeon, and saw 4 of its levels.

You collected 156 gold pieces.


Innate Abilities, Weirdness & Mutations

You are amphibious.
You cover ground slowly.
You can hop short distances.
You have an extended range of vision and can be seen from far away.
You are clumsy. (Dex -2)
You are dopey. (Int -2)


   Skills:
 - Level 4.1 Fighting
 - Level 6.7 Axes
 + Level 2.4 Armour
 - Level 1.1 Dodging


You had 4 spell levels left.
You didn't know any spells.
Your spell library was empty.

Inventory:

Hand Weapons
 f - a +0 whip
 Y - a +1 broad axe of electrocution (weapon)
Missiles
 g - 2 boomerangs (quivered)
Armour
 a - a +0 chain mail (worn)
 b - a +0 helmet (worn)
 n - a +0 pair of gloves (worn)
Jewellery
 d - a +4 ring of evasion (left hand)
 k - a ring of fire
Scrolls
 e - a scroll of identify
Potions
 h - a potion of curing
 l - a potion of haste
Miscellaneous
 c - a piece from Xom's chessboard (15/15)

Dungeon Overview and Level Annotations

Branches:
Dungeon (4/15)
 Temple: D:4-7

Altars:
Gozag

Annotations:
D:4 Edmund


Message History

Edmund hits you but does no damage.
You barely miss Edmund.
Edmund is severely wounded.
Your surroundings seem slightly different.
Found a runed silver ring.
2988 ||| FLEEEEING.
2989 ||| FLEEEEING.
2990 ||| FLEEEEING.
2991 ||| FLEEEEING.
There is a stone staircase leading up here.
2993 ||| STAIRDANCE You climb upwards.
There is a stone staircase leading down here.
You start resting.
HP restored.
Done exploring.
(D) Dungeon
Where to? (* - list waypoints, Enter - D:4, ? - help)
What level of the Dungeon? (default 1, ? - help)
You climb downwards.
Level annotation: Edmund Edmund hits you with a +5 flail of protection! x2
There is a stone staircase leading up, spattered with blood here.
You barely miss Edmund.
Edmund is lightly wounded.
Edmund hits you with a +5 flail of protection!
You hit Edmund but do no damage.
Edmund is lightly wounded.
Edmund hits you with a +5 flail of protection!
Edmund closely misses you.
You hit Edmund but do no damage. Lightning courses through Edmund!
Edmund is moderately wounded.
Edmund hits you but does no damage.
You barely miss Edmund.
Edmund is moderately wounded.
Edmund hits you with a +5 flail of protection.
You barely miss Edmund.
Edmund is moderately wounded.
Edmund hits you with a +5 flail of protection!
You die...

# .# ..#
..#######
...#
.=##....#
#...
#.##.##.#...
#.##.##.#.#
##
#.##.##...#
..
#.##@....##
. #.##@.##.#
#. #.##..#
.#
#.##.....#
.#
#...#....#
.#
###.....##
.#
##...#.#.#
..
#.@###...#
#. ###.##
##.... .


You could see Edmund.

Vanquished Creatures
  A bullfrog (D:3)
  Robin (D:3)
  4 gnolls (D:3)
  3 adders (D:2)
  A worm (D:3)
  2 dart slugs
  2 orcs (D:3)
  2 endoplasms (D:2)
  3 giant cockroaches
  11 goblins
  9 hobgoblins
  2 quokkas (D:1)
  9 ball pythons
  3 bats (D:1)
  4 frilled lizards
  5 kobolds
  5 rats
67 creatures vanquished.

Notes
Turn   | Place    | Note
-------+----------+-------------------------------------------
     0 | D:1      | qw the Barachi Chaos Knight began the quest for the Orb.
     0 | D:1      | Reached XP level 1. HP: 18/18 MP: 1/1
     0 | D:1      | 0 ||| qw: Version: 0.1-a-104-g96f76f8
     0 | D:1      | 0 ||| qw: Game counter: 6007
     0 | D:1      | 0 ||| qw: Always use a shield: true
     0 | D:1      | 0 ||| qw: God list: Okawaru
     0 | D:1      | 0 ||| qw: Allow faded altars: false
     0 | D:1      | 0 ||| qw: Do Orc after D:15 true
     0 | D:1      | 0 ||| qw: Do second Lair branch before Depths: true
     0 | D:1      | 0 ||| qw: Lair rune preference: random
     0 | D:1      | 0 ||| qw: Plans: Normal
     0 | D:1      | 0 ||| PLANNING D:1-11
     0 | D:1      | Fell from the grace of Xom
   355 | D:1      | Found a faded altar of an unknown god.
   395 | D:1      | Reached XP level 2. HP: 24/24 MP: 2/2
   452 | D:1      | Reached skill level 4 in Axes
   481 | D:1      | 481 ||| Stepping ~*~*~tactically~*~*~ (stealth).
   482 | D:1      | 482 ||| Stepping ~*~*~tactically~*~*~ (stealth).
   487 | D:1      | 487 ||| Stepping ~*~*~tactically~*~*~ (stealth).
   490 | D:1      | 490 ||| Stepping ~*~*~tactically~*~*~ (stealth).
   503 | D:1      | 503 ||| Stepping ~*~*~tactically~*~*~ (stealth).
   718 | D:1      | XOM: torment (13/24 hp)
  1085 | D:1      | 1085 ||| UPGRADING to +4 ring of evasion.
  1086 | D:1      | 1086 ||| READING scroll labelled QET KIDDEAPN.
  1087 | D:1      | 1087 ||| READING scroll labelled CEUDIU BIKYDOU.
  1275 | D:2      | Reached XP level 3. HP: 29/29 MP: 3/3
  1357 | D:2      | 1357 ||| Stepping ~*~*~tactically~*~*~ (stealth).
  1358 | D:2      | 1358 ||| Stepping ~*~*~tactically~*~*~ (stealth).
  1361 | D:2      | 1361 ||| Stepping ~*~*~tactically~*~*~ (stealth).
  1368 | D:2      | Reached skill level 5 in Axes
  1419 | D:2      | 1419 ||| Stepping ~*~*~tactically~*~*~ (stealth).
  1425 | D:2      | XOM: polymorph ball python -> adder
  1448 | D:2      | Reached XP level 4. HP: 16/36 MP: 4/4
  1657 | D:2      | XOM: give mutations
  1657 | D:2      | Gained mutation: Your system is resistant to poisons.
                  | (rPois) [Xom's mischief]
  1657 | D:2      | Gained mutation: You are dopey. (Int -2) [Xom's mischief]
  1733 | D:2      | Found an opulent altar of Gozag.
  1743 | D:2      | 1743 ||| SWAPPING to +1 broad axe of electrocution.
  1744 | D:2      | 1744 ||| DROPPING +0 hand axe of chaos.
  2067 | D:2      | 2067 ||| UPGRADING to +0 ring mail.
  2077 | D:2      | 2077 ||| DROPPING +2 leather armour.
  2078 | D:2      | 2078 ||| UPGRADING to +0 pair of gloves.
  2083 | D:2      | 2083 ||| READING 2 scrolls labelled WOETATZ MOFIPT.
  2086 | D:2      | 2086 ||| READING 2 scrolls labelled MANERGH QOYCAJE.
  2087 | D:2      | 2087 ||| READING scroll labelled HAOGEV GIKKOO.
  2088 | D:2      | 2088 ||| DRINKING 2 murky ruby potions.
  2118 | D:3      | 2118 ||| Stepping ~*~*~tactically~*~*~ (stealth).
  2137 | D:3      | Noticed a bullfrog
  2142 | D:3      | Killed a bullfrog
  2143 | D:3      | Reached skill level 6 in Axes
  2143 | D:3      | Reached XP level 5. HP: 41/41 MP: 5/5
  2192 | D:3      | 2192 ||| FLEEEEING.
  2193 | D:3      | 2193 ||| FLEEEEING.
  2194 | D:3      | 2194 ||| FLEEEEING.
  2195 | D:3      | 2195 ||| FLEEEEING.
  2200 | D:3      | 2200 ||| FLEEEEING.
  2201 | D:3      | 2201 ||| FLEEEEING.
  2202 | D:3      | 2202 ||| FLEEEEING.
  2203 | D:3      | 2203 ||| STAIRDANCE
  2238 | D:2      | 2238 ||| UPGRADING to +0 chain mail.
  2248 | D:2      | 2248 ||| DROPPING +0 ring mail.
  2249 | D:2      | 2249 ||| READING 2 scrolls of identify.
  2249 | D:2      | 2249 ||| IDENTIFYING fizzy inky potion
  2250 | D:2      | 2250 ||| DROPPING potion of brilliance.
  2269 | D:3      | 2269 ||| Stepping ~*~*~tactically~*~*~ (stealth).
  2271 | D:3      | 2271 ||| Stepping ~*~*~tactically~*~*~ (stealth).
  2274 | D:3      | 2274 ||| Stepping ~*~*~tactically~*~*~ (stealth).
  2276 | D:3      | 2276 ||| Stepping ~*~*~tactically~*~*~ (stealth).
  2306 | D:3      | 2306 ||| FLEEEEING.
  2313 | D:3      | 2313 ||| STAIRDANCE
  2370 | D:3      | 2370 ||| Stepping ~*~*~tactically~*~*~ (hiding).
  2371 | D:3      | 2371 ||| Stepping ~*~*~tactically~*~*~ (hiding).
  2372 | D:3      | 2372 ||| Stepping ~*~*~tactically~*~*~ (hiding).
  2373 | D:3      | 2373 ||| Stepping ~*~*~tactically~*~*~ (hiding).
  2374 | D:3      | 2374 ||| Stepping ~*~*~tactically~*~*~ (hiding).
  2430 | D:3      | 2430 ||| Stepping ~*~*~tactically~*~*~ (hiding).
  2565 | D:3      | 2565 ||| Stepping ~*~*~tactically~*~*~ (stealth).
  2577 | D:3      | Noticed Robin
  2578 | D:3      | 2578 ||| Stepping ~*~*~tactically~*~*~ (hiding).
  2579 | D:3      | 2579 ||| Stepping ~*~*~tactically~*~*~ (hiding).
  2580 | D:3      | 2580 ||| Stepping ~*~*~tactically~*~*~ (hiding).
  2582 | D:3      | 2582 ||| Stepping ~*~*~tactically~*~*~ (hiding).
  2583 | D:3      | 2583 ||| Stepping ~*~*~tactically~*~*~ (hiding).
  2590 | D:3      | Killed Robin
  2733 | D:3      | 2733 ||| Stepping ~*~*~tactically~*~*~ (stealth).
  2800 | D:3      | XOM: stat loss: -3 Str (13/16)
  2843 | D:3      | XOM: give mutations
  2843 | D:3      | Gained mutation: You are clumsy. (Dex -2) [Xom's mischief]
  2843 | D:3      | Lost mutation: Your system is resistant to poisons. (rPois)
                  | [Xom's mischief]
  2911 | D:3      | 2911 ||| UPGRADING to +0 helmet.
  2916 | D:3      | 2916 ||| READING 2 scrolls of identify.
  2916 | D:3      | 2916 ||| IDENTIFYING inky potion
  2977 | D:4      | Noticed Edmund
  2983 | D:4      | HP: 9/42 [Edmund/+5 flail of protection (3)]
  2984 | D:4      | 2984 ||| READING scroll of teleportation.
  2988 | D:4      | 2988 ||| FLEEEEING.
  2989 | D:4      | 2989 ||| FLEEEEING.
  2990 | D:4      | 2990 ||| FLEEEEING.
  2991 | D:4      | 2991 ||| FLEEEEING.
  2993 | D:4      | 2993 ||| STAIRDANCE
  3215 | D:4      | HP: 4/42 [Edmund/+5 flail of protection (7)]
  3218 | D:4      | Mangled by Edmund

Levels and vault maps discovered:
D:1:      erik_arrival_triangle_small, layout_loops_ring,
          basic_ecumenical_altar, amcnicky_mini_rare_corridor_liquid
D:2:      layout_loops_ring, basic_altar
D:3:      layout_rooms, lemuel_old_faithful, uniq_robin
D:4:      layout_rooms, amethyst_overflow_temple_binary,
          overflow_temple_1_default, mainiacjoe_overflow_paths, uniq_pikel,
          uniq_edmund, uniq_crazy_yiuf_cottage

Skill      XL: |  1  2  3  4  5 |
---------------+----------------+-----
Axes           | 4 5 6 |  6.7
Fighting       | 4 |  4.1
Armour         | |  2.4
Dodging        | |  1.1

Action                   |  1- 3 |  4- 6 || total
-------------------------+-------+-------++-------
Melee: Hand axe          |   112 |       ||   112
       Broad axe         |       |    80 ||    80
Throw: Boomerang         |       |     6 ||     6
Invok: Renounce Religion |     1 |       ||     1
  Use: Scroll            |     2 |     6 ||     8
       Potion            |       |     1 ||     1
 Stab: Sleeping          |     1 |       ||     1
Armor: Leather armour    |    49 |     5 ||    54
       Ring mail         |       |     2 ||     2
       Chain mail        |       |    22 ||    22
Dodge: Dodged            |    80 |    60 ||   140

Table legend:
 A = Non-vault XP
 B = Vault XP
 C = Vault XP percentage of total XP
 D = Non-vault monster count
 E = Vault monster count
 F = Vault count percentage of total count
                 A         B        C        D         E       F
            +---------+---------+-------+---------+---------+-------
      Total |     263 |      37 |  12.3 |      54 |      13 |  19.4
            +---------+---------+-------+---------+---------+-------
        D:1 |      32 |       0 |   0.0 |      21 |       0 |   0.0
        D:2 |      60 |       0 |   0.0 |      14 |       0 |   0.0
        D:3 |     171 |      37 |  17.8 |      19 |      13 |  40.6
            +---------+---------+-------+---------+---------+-------
